 Dungeon Sprint DCSS version 0.31-a0-620-gd1cbd99268 (webtiles) character file.

Game seed: 11015096861558421808

5687 zazu2006 the Brawler (level 10, -9/165 HPs)
             Began as a Troll Berserker on Aug 23, 2023.
             Was the Champion of Trog.
             Mangled by a tyrant leech (26 damage)
             ... in the Dungeon (Sprint IX: "|||||||||||||||||||||||||||||").
             The game lasted 00:02:36 (517 turns).

zazu2006 the Brawler (Troll Berserker)               Turns: 517, Time: 00:02:36

Health: -9/165     AC:  5    Str: 31    XL:     10   Next: 47%
Magic:  9/9        EV: 14    Int:  6    God:    Trog [******]
Gold:   0          SH:  0    Dex:  9    Spells: 9/9 levels left

rFire   . .          .
                       - Unarmed
rCold   . . .        (no shield)
rNeg    . . .        a - +0 animal skin
rPois   .            (helmet restricted)
rElec   .            j - +0 cloak
rCorr   .            (gloves unavailable)
SInv    .            (boots unavailable)
Will    .....        (no amulet) Stlth
                     k - +3 ring of intelligence
HPRegen 1.27/turn    l - +2 ring of evasion
MPRegen 0.11/turn

%: no teleportation
@: berserking (expiring), very quick
A: large, unfitting armour, claws 3, regeneration 1, shaggy fur 1, tough skin 1
a: Renounce Religion, Berserk, Trog's Hand, Brothers in Arms


You were in the Dungeon.
You worshipped Trog.
Trog was exalted by your worship.
You visited 1 branch

Inventory:

Hand Weapons
 n - a +8 heavy great mace
 t - a +2 antimagic battleaxe
Armour
 a - a +0 animal skin (worn)
 j - a +0 cloak (worn)
 m - a +0 robe
Jewellery
 k - a +3 ring of intelligence (left claw)
 l - a +2 ring of evasion (right claw)
Wands
 i - a wand of quicksilver (10)
 p - a wand of digging (7)
Scrolls
 g - 2 scrolls of blinking
 q - 7 scrolls of enchant armour
 r - a scroll of fog
 s - a scroll of identify
Potions
 b - 9 potions of curing
 c - 2 potions of heal wounds
 d - a potion of haste
 e - 4 potions of magic
 f - 3 potions of berserk rage
 h - a potion of invisibility
 o - a potion of resistance


   Skills:
 + Level 10.1 Fighting
 + Level 11.0 Dodging
 + Level 0.1 Stealth
 + Level 18.6 Unarmed Combat


You had 9 spell levels left.
You didn't know any spells.
Your spell library was empty.

Dungeon Overview and Level Annotations

Branches:
Dungeon (1/1)

Altars:
Cheibriados
Dithmenos
Elyvilon
Fedhas
Gozag
Hepliaklqana
Kikubaaqudgha
Makhleb
Nemelex Xobeh
Okawaru
Qazlal
Ru
Sif Muna
Trog
Uskayaw
Vehumet
Wu Jian
Xom
Yredelemnul
Zin
The Shining One
Jiyva
Lugonu


Innate Abilities, Weirdness & Mutations

You are too large for most types of armour.
You have claws for hands.
Your natural rate of healing is unusually fast.
You are covered in fur. (AC +1)
You have tough skin. (AC +1)


Message History

You closely miss the tyrant leech. Your claw misses the tyrant leech.
The tyrant leech is severely wounded.
The tyrant leech bites you!!
* * * LOW HITPOINT WARNING * * *
The tyrant leech draws strength from your injuries!
You scratch the tyrant leech.
The tyrant leech is moderately wounded.
You closely miss the tyrant leech.
The tyrant leech is moderately wounded.
You eviscerate the tyrant leech!!!
You kill the tyrant leech!
Trog accepts your kill.
Your Dodging skill increases to level 11!
You completely miss the tyrant leech. Your claw misses the tyrant leech.
You eviscerate the tyrant leech!!! Your claw misses the tyrant leech.
The tyrant leech is severely wounded.
You mangle the tyrant leech!!
You kill the tyrant leech!
Trog accepts your kill. The worm bites you.
* * * LOW HITPOINT WARNING * * *
You mangle the worm!!
You feel the power of Trog in you as your rage grows.
You kill the worm!
Trog accepts your kill.
Found a +0 ring mail.
The worm barely misses you.
You see here a worm corpse.
You mangle the worm!!
You kill the worm!
Trog accepts your kill.
Found a potion of curing.
You see here a worm corpse.
Found 4 stones.
You feel a strong urge to attack something.
The tyrant leech bites you!!
* * * LOW HITPOINT WARNING * * *
The tyrant leech draws strength from your injuries!
You barely miss the tyrant leech. You closely miss the tyrant leech.
The tyrant leech bites you!!
You die...

▓▓▓▓▓▓▓▓▓▓▓▓▓▓▓▓▓▓▓▓▓▓▓▓▓▓▓▓▓▓▓▓▓
(.('....)))..[[..)?.'____________
▓▓▓▓▓▓▓▓▓▓▓▓▓▓▓▓▓▓▓▓▓▓▓▓▓▓▓▓▓▓▓▓▓
.................................
▓▓▓▓▓▓▓▓▓▓▓▓▓▓▓▓▓▓▓▓▓▓▓▓▓▓▓▓▓▓▓▓▓
(![..ww@††.)......†††'..
▓▓▓▓▓▓▓▓▓▓▓▓▓▓▓▓▓▓▓▓▓▓▓▓


You could see a tyrant leech and a worm.

Vanquished Creatures
  A boulder beetle (D)
  2 cyclopes (D)
  3 cane toads (D)
  A komodo dragon (D)
  A troll (D)
  2 polar bears (D)
  4 tyrant leeches (D)
  A slime creature (D)
  4 yaks (D)
  A basilisk (D)
  3 water moccasins (D)
  An acid dragon (D)
  A wolf (D)
  3 bullfrogs (D)
  A gnoll sergeant (D)
  A wight (D)
  A killer bee (D)
  A howler monkey (D)
  A hound (D)
  An orc wizard (D)
  A hell rat (D)
  2 adders (D)
  An ufetubus (D)
  2 worms (D)
  An orc (D)
  A bat (D)
  An endoplasm (D)
  A hobgoblin (D)
  A frilled lizard (D)
  A kobold (D)
46 creatures vanquished.

Notes
Turn   | Place    | Note
-------+----------+-------------------------------------------
     0 | D        | zazu2006 the Troll Berserker began the quest for the Orb.
     0 | D        | Reached XP level 1. HP: 22/22 MP: 0/0
     9 | D        | Reached ** piety under Trog
    17 | D        | Noticed a hound
    22 | D        | Reached *** piety under Trog
    23 | D        | Reached skill level 4 in Unarmed Combat
    23 | D        | Reached XP level 2. HP: 31/31 MP: 1/1
    28 | D        | Reached skill level 5 in Unarmed Combat
    28 | D        | Reached XP level 3. HP: 39/39 MP: 2/2
    40 | D        | Found a snail-covered altar of Cheibriados.
    40 | D        | Found a shadowy altar of Dithmenos.
    40 | D        | Found a white marble altar of Elyvilon.
    40 | D        | Found a blossoming altar of Fedhas.
    40 | D        | Found an opulent altar of Gozag.
    41 | D        | Found a hazy altar of Hepliaklqana.
    42 | D        | Found a viscous altar of Jiyva.
    43 | D        | Found an ancient bone altar of Kikubaaqudgha.
    44 | D        | Found a corrupted altar of Lugonu.
    45 | D        | Found a burning altar of Makhleb.
    46 | D        | Found a sparkling altar of Nemelex Xobeh.
    47 | D        | Found an iron altar of Okawaru.
    48 | D        | Found a stormy altar of Qazlal.
    49 | D        | Found a sacrificial altar of Ru.
    50 | D        | Found a shimmering blue altar of Sif Muna.
    51 | D        | Found a bloodstained altar of Trog.
    52 | D        | Found a hide-covered altar of Uskayaw.
    53 | D        | Found a radiant altar of Vehumet.
    54 | D        | Found an ornate altar of the Wu Jian Council.
    55 | D        | Found a shimmering altar of Xom.
    56 | D        | Found a basalt altar of Yredelemnul.
    57 | D        | Found a glowing silver altar of Zin.
    58 | D        | Found a glowing golden altar of the Shining One.
    89 | D        | Noticed a yak
    89 | D        | Noticed a killer bee
    89 | D        | Noticed a gnoll sergeant
    89 | D        | Noticed a wight
    94 | D        | Killed a wight
    94 | D        | Reached **** piety under Trog
    95 | D        | Reached skill level 6 in Unarmed Combat
    95 | D        | Reached XP level 4. HP: 46/49 MP: 3/3
    99 | D        | Killed a gnoll sergeant
   100 | D        | Reached skill level 5 in Fighting
   100 | D        | Reached skill level 5 in Dodging
   100 | D        | Reached skill level 7 in Unarmed Combat
   100 | D        | Reached XP level 5. HP: 50/57 MP: 4/4
   106 | D        | Reached skill level 8 in Unarmed Combat
   111 | D        | Reached ***** piety under Trog
   114 | D        | Killed a yak
   115 | D        | Reached skill level 9 in Unarmed Combat
   115 | D        | Reached XP level 6. HP: 59/68 MP: 5/5
   116 | D        | Reached skill level 10 in Unarmed Combat
   161 | D        | Noticed a cyclops
   161 | D        | Noticed an acid dragon
   161 | D        | Noticed a slime creature
   161 | D        | Noticed a troll
   161 | D        | Noticed a boulder beetle
   161 | D        | Noticed a cyclops
   164 | D        | Killed an acid dragon
   165 | D        | Reached XP level 7. HP: 76/76 MP: 6/6
   169 | D        | Killed a boulder beetle
   170 | D        | Reached skill level 12 in Unarmed Combat
   170 | D        | Reached XP level 8. HP: 75/88 MP: 7/7
   173 | D        | Killed a cyclops
   173 | D        | Received a gift from Trog
   174 | D        | Reached skill level 13 in Unarmed Combat
   175 | D        | Killed a troll
   176 | D        | Reached skill level 14 in Unarmed Combat
   178 | D        | Killed a cyclops
   179 | D        | Reached XP level 9. HP: 23/97 MP: 8/8
   365 | D        | Reached skill level 15 in Unarmed Combat
   366 | D        | Noticed a komodo dragon
   374 | D        | Reached skill level 10 in Dodging
   376 | D        | Received a gift from Trog
   385 | D        | Killed a komodo dragon
   386 | D        | Reached skill level 16 in Unarmed Combat
   426 | D        | Noticed a cane toad
   426 | D        | Noticed a cane toad
   426 | D        | Noticed a polar bear
   429 | D        | Noticed a polar bear
   430 | D        | Killed a polar bear
   431 | D        | Reached ****** piety under Trog
   431 | D        | Received a gift from Trog
   432 | D        | Noticed a cane toad
   435 | D        | Killed a cane toad
   436 | D        | Reached XP level 10. HP: 69/109 MP: 9/9
   437 | D        | Reached skill level 17 in Unarmed Combat
   439 | D        | Killed a cane toad
   445 | D        | Killed a cane toad
   446 | D        | Reached skill level 10 in Fighting
   496 | D        | Reached skill level 18 in Unarmed Combat
   498 | D        | Received a gift from Trog
   517 | D        | Mangled by a tyrant leech

Illustrated notes

Levels and vault maps discovered:
D:        linesprint [early_d, line_temple, items_1, d_10, items_2, lair_1,
          lair_end, items_3, orc_1, orc_end, items_4, d_15, swamp_1, shoals_1,
          snake_1, spider_1, d_20, vaults_1, items_5, swamp_end, shoals_end,
          snake_end, spider_end, vaults_end, d_27, items_6, zot_1, zot_end,
          crypt_end, forest_end, elf_end, slime_end, tomb_end, abyss_end,
          pan_hell_end]

Skill      XL: |  1  2  3  4  5  6  7  8  9 10 |
---------------+-------------------------------+-----
Fighting       | 3 4 5 6 7 8 9 10 | 10.1
Dodging        | 3 4 5 6 7 8 9 10 11 | 11.0
Unarmed Combat | 4 5 6 7 9 10 12 14 16 18 | 18.6
Stealth        | |  0.1

Action                     |  1- 3 |  4- 6 |  7- 9 | 10-12 || total
---------------------------+-------+-------+-------+-------++-------
  Melee: Unarmed           |    26 |    21 |    51 |    39 ||   137
         Punch             |       |       |     4 |       ||     4
 Invoke: Berserk           |     1 |     1 |       |     2 ||     4
    Use: Potion            |     1 |       |       |       ||     1
 Armour: Animal skin       |     6 |     3 |     3 |     1 ||    13
  Dodge: Dodged            |    10 |     6 |    12 |     4 ||    32

Table legend: (Time is in decaauts)
 A = Elapsed time spent in this place.
 B = Non-inter-level travel time spent in this place.
 C = Inter-level travel time spent in this place.
 D = Time resting spent in this place.
 E = Time spent auto-exploring this place.
 F = Levels seen in this place.
 G = Mean time per level.
                   A        B        C        D        E       F      G
               +--------+--------+--------+--------+--------+-----+--------+
         Total |    493 |    493 |      0 |    116 |     85 |   1 |  493.0 |
       Dungeon |    493 |    493 |      0 |    116 |     85 |   1 |  493.0 |
               +--------+--------+--------+--------+--------+-----+--------+

Top non-repeatable levels by time:
       D: 493 daAuts
